 Dungeon Crawl Stone Soup version 0.23-a0-315-ga85b81c (webtiles) character file.

37 Gildeon the Skirmisher (level 3, -13/29 HPs)
             Began as a Demonspawn Abyssal Knight on Oct 13, 2018.
             Was a Follower of Lugonu.
             Engulfed by a cloud of flame (14 damage)
             ... on level 2 of the Dungeon.
             The game lasted 00:03:54 (944 turns).

Gildeon the Skirmisher (Demonspawn Abyssal Knight)   Turns: 944, Time: 00:03:56

Health: -13/29     AC: 10    Str: 13    XL:     3   Next: 23%
Magic:  5/5        EV: 10    Int: 13    God:    Lugonu [*.....]
Gold:   17         SH:  0    Dex: 12    Spells: 2/2 levels left

rFire    . . .     SeeInvis .   a - +1 mace
rCold    . . .     Gourm    .   (no shield)
rNeg     . . .     Faith    .   l - +0 ring mail
rPois    .         Spirit   .   (helmet restricted)
rElec    .         Reflect  .   (no cloak)
rCorr    .         Harm     .   m - +2 pair of gloves
MR       .....                  (no boots)
Stlth    +.........             (no amulet)
HPRegen  0.09/turn              (no ring)
MPRegen  0.09/turn              (no ring)

@: no status effects
A: antennae 1, molten scales 1
a: Depart the Abyss, Renounce Religion


You were on level 2 of the Dungeon.
You worshipped Lugonu.
Lugonu was aware of your devotion.
You were not hungry.

You visited 1 branch of the dungeon, and saw 2 of its levels.
You visited the Abyss 1 time.

You collected 17 gold pieces.

Inventory:

Hand Weapons
 a - a +1 mace (weapon)
Armour
 b - a +0 leather armour
 l - a +0 ring mail (worn)
 m - a +2 pair of gloves (worn)
Scrolls
 i - a scroll of identify {unknown}
 j - a scroll of enchant weapon {unknown}
 k - a scroll of random uselessness {unknown}
Potions
 d - 2 potions of curing {unknown}
 h - 2 potions of haste {unknown}
 n - a potion of lignification {unknown}
Comestibles
 c - 3 rations
 f - 5 chunks of flesh


   Skills:
 + Level 3.2 Fighting
 * Level 2.4 Maces & Flails
 + Level 2.1 Armour
 + Level 1.4 Dodging
 + Level 2.9 Invocations


You had 2 spell levels left.
You didn't know any spells.
Your spell library was empty.

Dungeon Overview and Level Annotations

Branches:
Dungeon (2/15)

Altars:


Innate Abilities, Weirdness & Mutations

You have a pair of small antennae on your head.
You are partially covered in molten scales. (AC +2)


Message History

The bat hits you. The bat hits you. The bat hits you but does no damage.
You hit the bat.
The bat is heavily wounded.
The bat completely misses you.
You miss the bat.
The bat is heavily wounded.
The bat hits you but does no damage. The bat hits you but does no damage.
You barely miss the bat.
The bat is heavily wounded.
The bat barely misses you.
You hit the bat.
The bat explodes!
The fiery explosion engulfs you!
Ouch! That really hurt!
* * * LOW HITPOINT WARNING * * *
Lugonu accepts your kill.
You are engulfed in blazing flames.
You die...

,,** *,,*,,.......?#
,,********#.*,,,.......#
,,**,,,,,,*.*,**#......#
,,**,,,,,,,,.,* #......#
,,**,,,,,,**#.* #......#
,,**,,,,,.###.###...#******
,,**,,,,,..........##≈≈≈≈≈**
,,**,,,,,.....%.<..#≈≈≈≈≈≈≈*
,,***,***#......@§§#≈≈,,,≈≈*
****,,* #......§.§#≈≈,_,≈≈*
**,,,** #.......§§#≈≈,,,≈≈*
**,*** #..$......#≈≈≈,≈≈≈*
,*,* #####..####*≈≈,≈≈**
,*,* #..,**,***+*** ,,,*
*******##.,**,***,** ,,**
*,,,,,,,..,***,**,,*
,,,****,,,,,,,,,,,**,***,**


There were no monsters in sight!

Vanquished Creatures
  2 oozes
  2 bats
  A giant cockroach (D:1)
  4 hobgoblins (D:1)
  6 jackals (D:1)
  A frilled lizard (D:1)
  5 goblins (D:1)
  2 kobolds (D:1)
  3 rats (D:1)
26 creatures vanquished.

Notes
Turn   | Place    | Note
-------+----------+-------------------------------------------
     0 | Abyss:1  | Gildeon the Demonspawn Abyssal Knight began the quest for
                  | the Orb.
     0 | Abyss:1  | Reached XP level 1. HP: 18/18 MP: 2/2
     0 | D:1      | Escaped the Abyss
   242 | D:1      | Reached skill level 1 in Dodging
   264 | D:1      | Reached * piety under Lugonu
   271 | D:1      | Gained mutation: You are partially covered in molten
                  | scales. (AC +2) [demonic ancestry]
   271 | D:1      | Reached XP level 2. HP: 20/24 MP: 3/3
   848 | D:1      | Gained mutation: You have a pair of small antennae on your
                  | head. [demonic ancestry]
   848 | D:1      | Reached XP level 3. HP: 27/29 MP: 5/5
   944 | D:2      | HP: 1/29 [bat/exploding inner flame[the player character]
                  | (24)]
   944 | D:2      | Engulfed by a cloud of flame

Vault maps used:
D:1:      minmay_arrival_wavy_path, grunt_decor_arrowhead,
          chequers_serial_rivers_small_a
D:2:      led_sif_pool, grunt_temple_overflow_holy_war, minmay_misc_feat_roman,
          uniq_terence

Skill      XL: |  1  2 |
---------------+-------+-----
Dodging        | 1 |  1.4
Maces & Flails | 2 |  2.4
Armour         | 2 |  2.1
Fighting       | |  3.2
Invocations    | |  2.9

Action                   || total
-------------------------++-------
Melee: Mace              ||    89
Invok: Depart the Abyss  ||     1
  Use: Scroll            ||     2
 Stab: Sleeping          ||     1
Armor: Leather armour    ||    18
       Ring mail         ||    21
Dodge: Dodged            ||    53

Table legend:
 A = Non-vault XP
 B = Vault XP
 C = Vault XP percentage of total XP
 D = Non-vault monster count
 E = Vault monster count
 F = Vault count percentage of total count
                 A         B        C        D         E       F
            +---------+---------+-------+---------+---------+-------
      Total |      54 |       0 |   0.0 |      26 |       0 |   0.0
            +---------+---------+-------+---------+---------+-------
        D:1 |      45 |       0 |   0.0 |      24 |       0 |   0.0
        D:2 |       9 |       0 |   0.0 |       2 |       0 |   0.0
            +---------+---------+-------+---------+---------+-------
